 Dungeon Crawl Stone Soup version 0.28.0-53-g5a82cb258f (webtiles) character file.

Game seed: 10254755359197060520

198 Gabide the Poker (level 5, -6/64 HPs)
             Began as a Merfolk Monk on June 9, 2022.
             Killed by divine providence
             ... invoked by an orc priest
              (17 damage)
             ... on level 3 of the Dungeon.
             The game lasted 00:05:55 (3421 turns).

Gabide the Poker (Merfolk Monk)                     Turns: 3421, Time: 00:05:55

Health: -6/64      AC:  6    Str: 11    XL:     5   Next: 77%
Magic:  5/5        EV: 13    Int:  9    God:
Gold:   115        SH:  0    Dex: 19    Spells: 4/4 levels left

rFire   . . .      SeeInvis .   a - +0 spear
rCold   . . .      Faith    .   (no shield)
rNeg    . . .      Spirit   .   o - +0 ring mail
rPois   .          Reflect  .   (no helmet)
rElec   .          Harm     .   (no cloak)
rCorr   .          Rampage  .   (no gloves)
Will    .....                   q - +0 pair of boots
Stlth   ..........              (no amulet)
HPRegen 0.20/turn               (no ring)
MPRegen 0.09/turn               (no ring)

@: berserking, very quick
A: (nimble swimmer 2), mertail
a: no special abilities


You were on level 3 of the Dungeon.
You visited 1 branch of the dungeon, and saw 3 of its levels.

You collected 115 gold pieces.

Inventory:

Hand Weapons
 a - a +0 spear (weapon)
Armour
 o - a +0 ring mail (worn)
 q - a +0 pair of boots (worn)
Wands
 i - a wand of iceblast (6)
Scrolls
 c - a scroll of noise {unknown}
 f - 2 scrolls of teleportation {unknown}
 k - a scroll of blinking {unknown}
 m - a scroll of fog {unknown}
Potions
 g - a potion of invisibility {unknown}
 j - a potion of attraction {unknown}
 l - a potion of curing {unknown}
 n - 2 potions of magic {unknown}
 p - a potion of lignification {unknown}


   Skills:
 + Level 4.7 Fighting
 + Level 6.3 Polearms
 + Level 5.8 Dodging
 - Level 2.1 Stealth


You had 4 spell levels left.
You didn't know any spells.
Your spell library contained the following spells:

 Spells                   Type           Power      Damage    Failure   Level
 Ozocubu's Armour         Ice            0%         N/A       96%         3
 Ozocubu's Refrigeration  Ice            0%         4d5       100%        7


Dungeon Overview and Level Annotations

Branches:
Dungeon (3/15)

Altars:


Innate Abilities, Weirdness & Mutations

((You are very nimble when in or above water. (Stealth+, EV+, Speed+++)))
Your lower body shifts to a powerful aquatic tail in water.


Message History

You completely miss the orc.
The orc is heavily wounded.
The orc barely misses you.
You hit the orc.
The orc is severely wounded.
The orc barely misses you.
You hit the orc but do no damage.
The orc is severely wounded.
You hit the orc but do no damage.
The orc is severely wounded.
The orc closely misses you.
You hit the orc but do no damage.
The orc is severely wounded.
The orc misses you.
You barely miss the orc.
The orc is severely wounded.
The orc hits you but does no damage.
You hit the orc but do no damage.
The orc is severely wounded.
You hit the orc but do no damage.
The orc is severely wounded.
The orc hits you with a +0 flail.
You hit the orc but do no damage.
The orc is severely wounded.
The orc closely misses you.
You hit the orc but do no damage.
The orc is severely wounded.
The orc hits you but does no damage.
You hit the orc.
The orc is almost dead.
The orc misses you.
The orc priest invokes the aid of Beogh against you.
Beogh smites you!
* * * LOW HITPOINT WARNING * * *
It was a potion of berserk rage.
A red film seems to cover your vision as you go berserk!
You feel yourself moving faster!
You feel mighty!
The orc priest invokes the aid of Beogh against you.
Beogh smites you!
You die...

..........###..#. #..#
..........# #..#. #..#
..........# #..#.########## #..#
.?........# #..#..........# #..#
........(.###..##########.####..#
........(..##..# #........#
...............# #..####.##
.......†)...#.##########..######
.............().@o.oS))..)...'.#
..........#...##########.....#.#
..........##..# ##.####
..........##..# ######.#
..........###>. +......#
..........# #### ########


You could see an orc priest, an adder and an orc.

Vanquished Creatures
  A jelly (D:3)
  Natasha (twice) (D:2)
  An adder (D:2)
  4 gnolls (D:3)
  6 orcs (D:3)
  4 endoplasms
  3 giant cockroaches
  5 goblins
  7 hobgoblins (D:2)
  8 jackals
  4 kobolds
  A quokka (D:3)
  2 ball pythons (D:3)
  5 bats
  7 frilled lizards
  2 rats
62 creatures vanquished.

Vanquished Creatures (others)
  A plant (D:3)
1 creature vanquished.

Grand Total: 63 creatures vanquished

Notes
Turn   | Place    | Note
-------+----------+-------------------------------------------
     0 | D:1      | Gabide the Merfolk Monk began the quest for the Orb.
     0 | D:1      | Reached XP level 1. HP: 18/18 MP: 1/1
   594 | D:1      | Reached XP level 2. HP: 20/24 MP: 2/2
  1507 | D:2      | Reached skill level 5 in Polearms
  1507 | D:2      | Reached XP level 3. HP: 30/30 MP: 3/3
  1907 | D:2      | Noticed Natasha
  1917 | D:2      | Killed Natasha
  1918 | D:2      | Reached skill level 5 in Dodging
  1918 | D:2      | Reached XP level 4. HP: 14/37 MP: 4/4
  2010 | D:2      | Noticed Natasha
  2024 | D:2      | Killed Natasha
  2701 | D:3      | Reached XP level 5. HP: 35/43 MP: 5/5
  2737 | D:3      | Reached skill level 6 in Polearms
  3167 | D:3      | Identified the +1 leather armour of Experimentation {rF-
                  | rCorr Int+9 Slay-4}
  3421 | D:3      | Killed from afar by an orc priest

Illustrated notes

Levels and vault maps discovered:
D:1:      scummos_arrival_star, layout_basic, hex_intersection
D:2:      layout_loops_corners, minmay_quantized, uniq_natasha
D:3:      lemuel_castle_with_subvaults [lemuel_castle_interior_carwin_1],
          layout_basic, regret_index_temple_of_mockery

Skill      XL: |  1  2  3  4  5 |
---------------+----------------+-----
Polearms       | 5 6 |  6.3
Fighting       | 4 |  4.7
Dodging        | 5 |  5.8
Stealth        | |  2.1

Action                   |  1- 3 |  4- 6 || total
-------------------------+-------+-------++-------
Melee: Spear             |   110 |   149 ||   259
       Punch             |       |     3 ||     3
Throw: Dart              |     1 |     7 ||     8
Evoke: Wand              |       |     5 ||     5
  Use: Potion            |       |     1 ||     1
 Stab: Sleeping          |    10 |     2 ||    12
Armor: Robe              |     1 |       ||     1
       Leather armour    |     8 |       ||     8
       Ring mail         |     1 |    37 ||    38
Dodge: Dodged            |    42 |    75 ||   117
